AoeStats
← A Delicious Pot Roast

Black Forest

513389191Analyzed
3v3 RM · 6d ago on Oct 13, 2026· 61m 28s· 6 players
Game mode
Random Map
Map size
Normal (6 player)
Population
200
Speed
Normal
Resources
Standard
Victory
Conquest
Starting age
Dark Age
Ending age
Imperial Age
RankedLock teamsTeams togetherTeam positionsShared explorationLock speedFull tech treeHidden civsTurbo modeCheats
Victory
Defeat
🇷🇺 Bohemians · Russia
713
+14
🇷🇺 Franks · Russia
668
+16
🇪🇸 Sicilians · Spain
661
+16
vs
🇺🇸 Huns · United States
679
-16
🇷🇴 Inca · Romania
678
-16
🇺🇸 Armenians · United States
622
-14
dani
7:34 Loom
7:59 Loom
11:34 Feudal Age
12:29 Double-Bit Axe
12:34 Town Watch
14:46 Wheelbarrow
14:14 Gold Mining
16:22 Fletching
17:35 Stone Mining
19:30 Horse Collar
23:59 Castle Age
25:01 Heavy Plow
25:26 Hand Cart
25:14 Town Patrol
25:13 Bodkin Arrow
28:13 Ballistics
29:59 Scale Mail Armor
30:32 Masonry
33:47 Bow Saw
36:41 Imperial Age
34:57 Caravan
36:46 Elite Serjeant
39:56 Hoardings
41:11 Conscription
41:17 First Crusade
42:14 Crop Rotation
42:20 Murder Holes
45:07 Chain Mail Armor
45:03 Forging
45:41 Hauberk
52:25 Chemistry
53:13 Elite Skirmisher
54:38 Plate Mail Armor
54:11 Bracer
56:30 Scale Barding Armor
56:29 Padded Archer Armor
57:07 Iron Casting
58:30 Pikeman
59:12 Squires
59:05 Gambesons
62:40 Blast Furnace
61:57 Leather Archer Armor
Noobburner
6:20 Loom
9:48 Loom
16:53 Feudal Age
18:44 Wheelbarrow
17:50 Horse Collar
17:59 Double-Bit Axe
23:27 Castle Age
24:27 Hand Cart
24:13 Heavy Plow
24:25 Bow Saw
24:31 Bow Saw
28:30 Chemistry
32:46 Caravan
33:24 Ballistics
35:13 Fervor
35:25 Sanctity
38:01 Imperial Age
36:05 Town Watch
38:34 Wagenburg Tactics
39:52 Fortified Wall
40:30 Bombard Tower
41:02 Fletching
41:12 Padded Archer Armor
41:42 Bodkin Arrow
45:27 Siege Engineers
46:42 Leather Archer Armor
46:27 Bracer
47:57 Elite Hussite Wagon
49:48 Conscription
52:48 Town Patrol
57:00 Arrowslits
57:26 Masonry
Loli drinks vodka ☭
0:29 Loom
12:54 Feudal Age
17:48 Double-Bit Axe
20:40 Castle Age
27:24 Forging
31:21 Scale Barding Armor
33:59 Double-Bit Axe
34:58 Wheelbarrow
35:40 Caravan
36:47 Bow Saw
40:18 Imperial Age
37:36 Town Watch
38:17 Husbandry
38:55 Iron Casting
40:21 Chain Barding Armor
42:02 Plate Barding Armor
42:28 Blast Furnace
41:59 Cavalier
43:21 Paladin
44:15 Chivalry
45:32 Conscription
44:48 Heavy Scorpion
57:23 Ballistics
58:07 Chemistry
57:28 Ballistics
57:16 Siege Engineers
Djgama17
0:37 Loom
13:32 Feudal Age
14:05 Horse Collar
14:29 Double-Bit Axe
14:36 Stone Mining
14:36 Gold Mining
19:26 Wheelbarrow
24:01 Castle Age
21:40 Champi Runner
22:25 Arson
23:48 Scale Mail Armor
23:58 Forging
23:49 Padded Archer Armor
23:39 Fletching
25:23 Bow Saw
26:19 Heavy Plow
27:10 Champi Warrior
31:05 Treadmill Crane
32:35 Hand Cart
32:38 Fortified Wall
33:42 Stone Shaft Mining
33:42 Gold Shaft Mining
33:11 Caravan
34:51 Chain Mail Armor
34:27 Fletching
36:53 Iron Casting
37:27 Coinage
38:24 Leather Archer Armor
38:04 Bodkin Arrow
41:39 Imperial Age
39:34 Thumb Ring
40:00 Andean Sling
40:47 Sanctity
40:31 Murder Holes
40:48 Masonry
41:24 Elite Skirmisher
43:33 Blast Furnace
43:03 Plate Mail Armor
43:04 Ring Archer Armor
43:33 Plate Mail Armor
43:40 Crop Rotation
44:06 Gold Shaft Mining
45:16 Chemistry
44:41 Bracer
45:00 Fabric Shields
45:59 Ballistics
46:46 Pikeman
47:26 Squires
47:40 Elite Kamayuk
48:30 Sappers
49:20 Conscription
49:35 Hoardings
50:12 Siege Engineers
49:47 Crossbowman
50:08 Elite Champi Warrior
50:10 Halberdier
51:31 Guilds
51:51 Banking
52:44 Heavy Scorpion
52:45 Onager
53:28 Capped Ram
56:21 Arbalester
A Delicious Pot Roast
0:36 Loom
13:13 Feudal Age
18:24 Castle Age
27:48 Fletching
32:04 Padded Archer Armor
32:53 Wheelbarrow
32:17 Bodkin Arrow
34:00 Double-Bit Axe
35:44 Hand Cart
39:03 Imperial Age
40:17 Conscription
40:03 Bracer
41:08 Elite Composite Bowman
42:55 Chemistry
42:16 Ballistics
42:38 Stone Mining
42:42 Gold Mining
43:06 Bow Saw
44:35 Leather Archer Armor
blackjack6894
0:48 Loom
13:45 Feudal Age
15:53 Wheelbarrow
15:03 Town Watch
15:57 Fletching
16:45 Double-Bit Axe
19:09 Gold Mining
20:44 Stone Mining
22:05 Horse Collar
26:34 Castle Age
26:48 Scale Barding Armor
26:55 Forging
27:39 Hand Cart
27:28 Heavy Plow
28:07 Gold Shaft Mining
27:47 Bow Saw
28:10 Bloodlines
28:01 Husbandry
30:11 Chain Barding Armor
30:28 Iron Casting
30:12 Crossbowman
32:27 Fervor
32:14 Bodkin Arrow
32:23 Marauders
31:53 Crossbowman
32:39 Thumb Ring
32:51 Town Patrol
33:22 Caravan
35:10 Murder Holes
35:37 Ballistics
39:51 Imperial Age
38:41 Masonry
40:13 Elite Tarkan
41:14 Conscription
41:33 Plate Barding Armor
42:09 Blast Furnace
42:40 Two-Man Saw
43:02 Elite Skirmisher
43:47 Padded Archer Armor
43:48 Bracer
50:15 Chemistry
49:33 Leather Archer Armor
Connection lost

Rejoining the realm…

Still unreachable

The connection could not be restored.

Session expired

The server has moved on; the page needs a fresh start.